 Dungeon Crawl Stone Soup version 0.18-b1-22-ge198996 (webtiles) character file.

21 GreamJoe the Caller (level 2, -2/19 HPs)
             Began as a Mummy Summoner on May 3, 2016.
             Slain by a worm (9 damage)
             ... on level 2 of the Dungeon.
             The game lasted 00:06:03 (971 turns).

GreamJoe the Caller (Mummy Summoner)                 Turns: 971, Time: 00:06:03

Health: -2/19      AC:  3    Str: 11    XL:     2   Next: 65%
Magic:  2/5        EV: 11    Int: 14    God:
Gold:   31         SH:  0    Dex: 12    Spells: 2 memorised, 2 levels left

rFire  x . .     SeeInvis .     c - +0 mace
rCold  + . .     Gourm    .     k - +0 leather armour
rNeg   + + +     Faith    .     (no shield)
rPois  ∞         Spirit   .     (no helmet)
rElec  .         Dismiss  .     (no cloak)
rCorr  .         Reflect  .     (no gloves)
SustAt .         Harm     .     (no boots)
MR     .....                    (no amulet)
Stlth  ++........               (no ring)
                                (no ring)

@: not resistant to hostile enchantments, unstealthy
A: no food or potions, fire vulnerability, cold resistance 1, negative energy
resistance 3, torment resistance, unbreathing
a: no special abilities


You were on level 2 of the Dungeon.
You were not hungry.

You visited 1 branch of the dungeon, and saw 2 of its levels.

You collected 31 gold pieces.

Inventory:

Hand Weapons
 c - a +0 mace (weapon)
 i - a +0 hand axe
Armour
 a - a +0 robe
 g - a +0 cloak
 k - a +0 leather armour (worn)
Scrolls
 j - a scroll of remove curse
Potions
 e - a potion of ambrosia {unknown}
 f - 2 potions of flight {unknown}
 l - 2 potions of lignification {unknown}
 m - a potion of heal wounds {unknown}
Books
 b - a book of Callings

   Spells                             Type                      Level
   a - Summon Small Mammal            Summoning                    1
   b - Call Imp                       Summoning                    2
   c - Call Canine Familiar           Summoning                    3
   d - Summon Guardian Golem          Hexes/Summoning              3
   e - Summon Lightning Spire         Summoning/Air                4
   f - Summon Ice Beast               Ice/Summoning                4
Comestibles
 d - a bread ration
 h - a meat ration
 n - a beef jerky


   Skills:
 + Level 0.1 Maces & Flails
 + Level 0.1 Armour
 + Level 1.9 Dodging
 + Level 1.6 Stealth
 + Level 2.3 Spellcasting
 + Level 3.4 Summonings


You had 2 spell levels left.
You knew the following spells:

 Your Spells              Type           Power        Failure   Level  Hunger
a - Summon Small Mammal   Summ           ##..         10%         1    N/A
b - Call Imp              Summ           ##......     12%         2    N/A

Dungeon Overview and Level Annotations

Branches:
Dungeon (2/15)

Altars:


Innate Abilities, Weirdness & Mutations

You do not eat or drink.
Your flesh is vulnerable to fire.
You are immune to poison.
Your flesh is cold resistant.
You are immune to negative energy.
You are immune to unholy pain and torment.
You can survive without breathing.


Message History

Your shadow imp hits the worm.
Your shadow imp gestures at the worm.
The worm convulses in agony!
The worm bites you.
You hit the worm but do no damage.
The worm is moderately wounded.
Your shadow imp hits the worm but does no damage.
Your shadow imp hits the worm.
The worm bites your shadow imp.
You hit the worm.
The worm is severely wounded.
Your shadow imp closely misses the worm.
You hit the worm.
The worm is severely wounded.
Your shadow imp hits the worm.
The worm closely misses your shadow imp.
Your shadow imp barely misses the worm.
You hit the worm but do no damage.
The worm is almost dead.
The worm bites you!
You die...

### # ..# #.#### #.#
...# #.# ####.#####^#
##..........###
#.............#
#..##.#####.#.########
#..##.# #...5w@....#
#..##.# #!....####.#
#..##.# #.###.#
w..##.. ...# #.#
##.#### ###.# #.# #.#
#.. ..# #.# #.# #.#
#.. ..# #.# ### ###
#.#


You could see a worm and a friendly shadow imp.

Vanquished Creatures
  A giant gecko (D:1)
  2 bats (D:1)
  A giant cockroach (D:1)
  3 goblins (D:1)
  2 hobgoblins (D:1)
  2 giant newts (D:1)
  A kobold (D:1)
  A rat (D:1)
  2 plants (D:1)
15 creatures vanquished.

Vanquished Creatures (collateral kills)
  2 bats (D:1)
  2 hobgoblins
  2 kobolds
  A rat (D:2)
7 creatures vanquished.

Grand Total: 22 creatures vanquished

Notes
Turn   | Place    | Note
--------------------------------------------------------------
     0 | D:1      | GreamJoe the Mummy Summoner began the quest for the Orb.
     0 | D:1      | Reached XP level 1. HP: 13/13 MP: 3/3
   369 | D:1      | Reached XP level 2. HP: 19/19 MP: 3/5
   413 | D:1      | Learned a level 2 spell: Call Imp
   971 | D:2      | Slain by a worm

Action                   || total
-------------------------++-------
Melee: Mace              ||   128
       Unarmed           ||     9
 Cast: Summon Small Mamm ||    14
       Call Imp          ||    12
  Use: Scroll            ||     1
 Stab: Sleeping          ||     1
Armor: Robe              ||    13
       Leather armour    ||     5
Dodge: Dodged            ||    51
